 Dungeon Crawl Stone Soup version 0.30.0-29-ga12c61a403 (webtiles) character file.

Game seed: 16637611922594558133

1208 leafyfresh the Covert (level 8, -1/67 HPs)
             Began as a Gnoll Delver on June 10, 2023.
             Was a Priest of Okawaru.
             Slain by a sky beast (2 damage)
             ... on level 6 of the Dungeon.
             The game lasted 00:10:27 (6289 turns).

leafyfresh the Covert (Gnoll Delver)                Turns: 6289, Time: 00:10:27

Health: -1/67      AC: -3    Str: 12    XL:     8   Next: 45%
Magic:  0/13       EV: 12    Int: 10    God:    Okawaru [***...]
Gold:   155        SH:  9    Dex: 15    Spells: 13/13 levels left

rFire   + . .        e - +2 flail (protect)
rCold   + . .        C - +0 kite shield
rNeg    . . .        b - +0 leather armour
rPois   +            k - +0 hat
rElec   +            (no cloak)
rCorr   +            (no gloves)
SInv    .            t - +0 pair of boots
Will    .....        i - amulet of guardian spirit
Stlth   ++++         (no ring)
HPRegen 0.31/turn    (no ring)
MPRegen 0.13/turn

%: guardian spirit
@: resistant, corroded
A: fangs 1, strong nose, distributed training
a: Renounce Religion, Heroism


You were on level 6 of the Dungeon.
You worshipped Okawaru.
Okawaru was most pleased with you.
You visited 2 branches of the dungeon, and saw 7 of its levels.
You also visited: Sewer.

You collected 155 gold pieces.

Inventory:

Hand Weapons
 a - a +0 short sword
 e - a +2 flail of protection (weapon)
Missiles
 p - 9 curare-tipped darts (quivered)
 A - a throwing net
Armour
 b - a +0 leather armour (worn)
 k - a +0 hat (worn)
 t - a +0 pair of boots (worn)
 C - a +0 kite shield (worn)
Magical Staves
 m - a staff of death
Jewellery
 i - an amulet of guardian spirit (around neck)
 v - a ring of fire
Wands
 g - a wand of digging (3)
 q - a wand of flame (16)
Scrolls
 c - 2 scrolls of fog
 d - 2 scrolls of identify
 j - a scroll of enchant armour
 l - 2 scrolls of magic mapping
 o - a scroll of teleportation
 r - a scroll of poison
 u - a scroll of immolation
 y - 2 scrolls of noise {unknown}
 F - a scroll of amnesia {unknown}
Potions
 f - 2 potions of haste
 h - 5 potions of resistance
 n - a potion of degeneration {unknown}
 s - a potion of lignification {unknown}
 w - a potion of ambrosia {unknown}
 x - 6 potions of brilliance {unknown}
 z - 5 potions of heal wounds {unknown}
 B - a potion of curing {unknown}
 D - 3 potions of magic {unknown}
 E - a potion of attraction {unknown}
 G - a potion of invisibility {unknown}
 H - a potion of might {unknown}


   Skills:
 + Level 7.4 Fighting
 + Level 5.8 Short Blades
 + Level 3.4 Long Blades
 + Level 3.4 Axes
 + Level 3.4 Maces & Flails
 + Level 3.4 Polearms
 + Level 3.4 Staves
 + Level 3.4 Ranged Weapons
 + Level 3.4 Throwing
 + Level 3.4 Armour
 + Level 5.8 Dodging
 + Level 10.2 Stealth
 + Level 3.4 Shields
 + Level 3.4 Unarmed Combat
 + Level 3.4 Spellcasting
 + Level 2.8 Conjurations
 + Level 2.8 Hexes
 + Level 2.8 Summonings
 + Level 2.8 Necromancy
 + Level 2.8 Translocations
 + Level 2.8 Transmutations
 + Level 2.8 Fire Magic
 + Level 2.8 Ice Magic
 + Level 2.8 Air Magic
 + Level 2.8 Earth Magic
 + Level 2.8 Poison Magic
 + Level 3.7 Invocations
 + Level 3.4 Evocations


You had 13 spell levels left.
You didn't know any spells.
Your spell library contained the following spells:

 Spells                   Type           Power      Damage    Failure   Level
 Kiss of Death            Conj/Necr      28%        2d7       38%         1
 Sublimation of Blood     Necr           7%         N/A       54%         2
 Wereblood                Tmut           7%         N/A       54%         2
 Confusing Touch          Hex            7%         N/A       77%         3
 Dispel Undead            Necr           7%         3d8       99%         4
 Passage of Golubria      Tloc           7%         N/A       99%         4
 Yara's Violent Unravell  Hex/Tmut       3%         3d4       100%        5
 Tukima's Dance           Hex            Unusable   N/A       N/A         3
 Malign Gateway           Summ/Tloc      Unusable   N/A       N/A         7
 Summon Hydra             Summ           Unusable   N/A       N/A         7
 Summon Horrible Things   Summ           Unusable   N/A       N/A         8

Dungeon Overview and Level Annotations

Branches:
Dungeon (6/15)             Temple (1/1) D:5           Sewer (visited)

Altars:
Ashenzari
Cheibriados
Dithmenos
Elyvilon
Fedhas
Hepliaklqana
Kikubaaqudgha
Makhleb
Nemelex Xobeh
Okawaru
Qazlal
Ru
Sif Muna
Trog
Uskayaw
Wu Jian
Xom
Yredelemnul
The Shining One

Annotations:
D:6 Grinder


Innate Abilities, Weirdness & Mutations

You have very sharp teeth.
Your uncanny sense of smell can sniff out nearby items.
Your experience applies equally to all skills.


Message History

The sky beast hits you but does no damage.
Grinder gestures at you.
You struggle to resist.
You hit Grinder.
Grinder is moderately wounded.
The jelly hits you but does no damage.
The sky beast hits you but does no damage.
You block Grinder's attack.
Unknown command.
You closely miss Grinder.
Grinder is moderately wounded.
The jelly hits you but does no damage. The sky beast hits you.
The sky beast shocks you. Grinder hits you.
You writhe in agony.
Unknown command.
You closely miss Grinder. Your bite misses Grinder.
Grinder is moderately wounded.
The jelly closely misses you. Grinder gestures at you.
Pain shoots through your body! You block the sky beast's attack.
You block the jelly's attack.
The sky beast hits you but does no damage.
Grinder blinks!
The jelly hits you. The acid corrodes you!
You are splashed with acid!
The sky beast flickers out of sight!
Deactivating autopickup; reactivate with Ctrl-A.
Something hits you. Something shocks you.
Unknown command.
The jelly attacks as you move away! The jelly hits you.
* * * LOW HITPOINT WARNING * * *
The acid corrodes you!
You are splashed with acid!
* * * LOW HITPOINT WARNING * * *
Something hits you.
* * * LOW HITPOINT WARNING * * *
Something shocks you.
* * * LOW HITPOINT WARNING * * *
Grinder blinks!
It was a potion of resistance.
You feel protected. The jelly closely misses you. Something hits you.
You die...

.......##..........,,,,*,>,*,,,,*
........##........#**,,*,,,*,,***
.........#........# *,,#,∩,*,,,,,
.................##*##.#,,,*,**,,
.....#............##...#****,**,,
....###........)....§...,,,,,,,,,
#.....#.................,,,,,,,,,
.....................#*,,,,,,,,,,
.(...#.........J@...#**,,,,,,,,,,
.....##........{........,,,,,,,*,
...........#......###...,,,,,,,**
......##...#......#*,,,.,,,,,,,,,
.......#..###......#*,,,,,,,,,,,,
#......#..*.........#,,,,,,,,,,,,
......##..#.....#.....,**,,,,,,,,
.##....#.#......##....,,*,,,,,,**
.#.......#...........,,,,,,,,,,,,


You could see a jelly.

Vanquished Creatures
  2 ice beasts
  2 ogres
  A phantom (D:3)
  A scorpion (D:5)
  4 hounds
  5 jellies (Sewer)
  A gnoll bouda (D:3)
  An iguana (D:4)
  2 orc wizards (D:3)
  A sleepcap (D:4)
  3 gnolls (D:3)
  15 adders
  A river rat (Sewer)
  An ufetubus (D:5)
  2 worms
  3 dart slugs
  10 orcs
  7 bats
  6 endoplasms
  13 giant cockroaches
  9 goblins
  9 hobgoblins
  11 quokkas
  10 ball pythons
  14 frilled lizards
  5 kobolds
  10 rats
149 creatures vanquished.

Notes
Turn   | Place    | Note
-------+----------+-------------------------------------------
     0 | D:5      | Reached skill level 9 in Stealth
     0 | D:5      | leafyfresh the Gnoll Delver began the quest for the Orb.
     0 | D:5      | Reached XP level 1. HP: 23/23 MP: 1/1
    96 | D:5      | Noticed an ice beast
   389 | D:5      | Noticed a hound
   432 | D:5      | Found a staircase to the Ecumenical Temple.
   439 | Temple   | Entered the Ecumenical Temple
   484 | Temple   | Became a worshipper of Warmaster Okawaru
   504 | D:5      | Reached XP level 2. HP: 19/29 MP: 2/2
   882 | D:5      | Noticed an ogre
  1015 | D:3      | Reached skill level 1 in Invocations
  1015 | D:3      | Reached XP level 3. HP: 33/35 MP: 2/4
  1051 | D:3      | Reached skill level 1 in Long Blades
  1051 | D:3      | Reached skill level 1 in Axes
  1051 | D:3      | Reached skill level 1 in Maces & Flails
  1051 | D:3      | Reached skill level 1 in Polearms
  1051 | D:3      | Reached skill level 1 in Staves
  1051 | D:3      | Reached skill level 1 in Ranged Weapons
  1051 | D:3      | Reached skill level 1 in Throwing
  1051 | D:3      | Reached skill level 1 in Armour
  1051 | D:3      | Reached skill level 1 in Shields
  1051 | D:3      | Reached skill level 1 in Unarmed Combat
  1051 | D:3      | Reached skill level 1 in Spellcasting
  1051 | D:3      | Reached skill level 1 in Evocations
  1196 | D:3      | Reached XP level 4. HP: 41/41 MP: 5/5
  1346 | D:3      | Reached skill level 1 in Conjurations
  1346 | D:3      | Reached skill level 1 in Hexes
  1346 | D:3      | Reached skill level 1 in Summonings
  1346 | D:3      | Reached skill level 1 in Necromancy
  1346 | D:3      | Reached skill level 1 in Translocations
  1346 | D:3      | Reached skill level 1 in Transmutations
  1346 | D:3      | Reached skill level 1 in Fire Magic
  1346 | D:3      | Reached skill level 1 in Ice Magic
  1346 | D:3      | Reached skill level 1 in Air Magic
  1346 | D:3      | Reached skill level 1 in Earth Magic
  1346 | D:3      | Reached skill level 1 in Poison Magic
  1349 | D:3      | Reached * piety under Okawaru
  1411 | D:3      | Reached XP level 5. HP: 46/47 MP: 7/7
  1863 | D:3      | Noticed a phantom
  1875 | D:3      | Killed a phantom
  1876 | D:3      | Reached skill level 5 in Short Blades
  1876 | D:3      | Reached skill level 5 in Dodging
  1876 | D:3      | Reached XP level 6. HP: 45/53 MP: 5/9
  2015 | D:3      | Found a faded altar of an unknown god.
  3630 | D:4      | Reached XP level 7. HP: 60/60 MP: 10/10
  3903 | D:4      | Reached ** piety under Okawaru
  4326 | D:5      | Reached skill level 10 in Stealth
  4653 | D:5      | Reached XP level 8. HP: 25/67 MP: 12/12
  5483 | D:6      | Found a glowing drain.
  5493 | Sewer    | Entered a sewer
  5646 | Sewer    | Reached *** piety under Okawaru
  5671 | Sewer    | Found a viscous altar of Jiyva.
  6275 | D:6      | Noticed Grinder
  6288 | D:6      | HP: 1/67 [something (5)]
  6289 | D:6      | Slain by a sky beast

Illustrated notes

Levels and vault maps discovered:
D:1:      saegor_arrival_simple_a, layout_basic
D:2:      layout_basic
D:3:      layout_loops_corners, shapermc_ecumenical_altar_mp_vishouse,
          minmay_fractal_squares_diagonal_5
D:4:      layout_basic, kennysheep_minor_cross
D:5:      layout_basic, minmay_temple_entry_drinking_statues
D:6:      layout_cave_pools, mainiacjoe_overflow_six_doors_small,
          gup_sewer_entry_pipe, st_stairs_10, nicolae_take_the_stairs,
          kennysheep_small_circle, uniq_edmund, uniq_prince_ribbit1,
          uniq_grinder
Temple:   grunt_wide_crystal_templ

Skill      XL: |  1  2  3  4  5  6  7 |
---------------+----------------------+-----
Stealth        | 10 | 10.2
Invocations    | 1 2 3 |  3.7
Long Blades    | 1 2 3 |  3.4
Axes           | 1 2 3 |  3.4
Maces & Flails | 1 2 3 |  3.4
Polearms       | 1 2 3 |  3.4
Staves         | 1 2 3 |  3.4
Ranged Weapons | 1 2 3 |  3.4
Throwing       | 1 2 3 |  3.4
Armour         | 1 2 3 |  3.4
Shields        | 1 2 3 |  3.4
Unarmed Combat | 1 2 3 |  3.4
Spellcasting   | 1 2 3 |  3.4
Evocations     | 1 2 3 |  3.4
Conjurations   | 1 2 |  2.8
Hexes          | 1 2 |  2.8
Summonings     | 1 2 |  2.8
Necromancy     | 1 2 |  2.8
Translocations | 1 2 |  2.8
Transmutations | 1 2 |  2.8
Fire Magic     | 1 2 |  2.8
Ice Magic      | 1 2 |  2.8
Air Magic      | 1 2 |  2.8
Earth Magic    | 1 2 |  2.8
Poison Magic   | 1 2 |  2.8
Short Blades   | 5 |  5.8
Dodging        | 5 |  5.8
Fighting       | 7 |  7.4

Action                     |  1- 3 |  4- 6 |  7- 9 || total
---------------------------+-------+-------+-------++-------
  Melee: Short sword       |    10 |       |       ||    10
         Flail             |    48 |   200 |   216 ||   464
         Bite              |     7 |    18 |    28 ||    53
         Punch             |       |     4 |     2 ||     6
    Use: Scroll            |     2 |     4 |     2 ||     8
         Potion            |       |       |     2 ||     2
   Stab: Sleeping          |     5 |    26 |    13 ||    44
 Armour: Leather armour    |    30 |    63 |   102 ||   195
  Dodge: Dodged            |    28 |   115 |   118 ||   261
  Block: Kite shield       |       |       |   107 ||   107
